 Dungeon Crawl Stone Soup version 0.27.1-35-g4d5d836560 (console) character file.

Game seed: 399936144990312813

5309 grimtooth the Agent of Entropy (level 10, -1/85 HPs)
             Began as a Palentonga Abyssal Knight on June 5, 2022.
             Was a Priest of Lugonu.
             Succumbed to a killer bee's poison
             ... on level 9 of the Dungeon.
             The game lasted 00:43:27 (11829 turns).

grimtooth the Agent of Entropy (PaAK)              Turns: 11829, Time: 00:43:28

Health: -1/85      AC:  6    Str: 18    XL:     10   Next: 37%
Magic:  15/16      EV:  9    Int: 14    God:    Lugonu [***...]
Gold:   521        SH:  0    Dex:  9    Spells: 11/15 levels left

rFire    + . .     SeeInvis +   a - +2 mace (venom)
rCold    x . .     Faith    .   (no shield)
rNeg     + . .     Spirit   .   b - +0 leather armour
rPois    .         Reflect  .   i - +0 helmet
rElec    .         Harm     .   (no cloak)
rCorr    .         Rampage  .   r - +0 pair of gloves
Will     .....                  (no barding)
Stlth    +.........             (no amulet)
HPRegen  0.24/turn              t - ring of positive energy
MPRegen  0.15/turn              h - ring of fire

@: lethally poisoned (-1 -> -11)
A: large, rugged brown scales 3, see invisible, deformed body, roll 1, armoured
tail, reflexive curl
a: Rolling Charge, Renounce Religion, Depart the Abyss, Bend Space, Banish


You were on level 9 of the Dungeon.
You worshipped Lugonu.
Lugonu was most pleased with you.
You visited 1 branch of the dungeon, and saw 9 of its levels.
You visited the Abyss 1 time.

You collected 521 gold pieces.

Inventory:

Hand Weapons
 a - a +2 mace of venom (weapon)
 o - a +1 mace
 z - a +0 whip of flaming
 A - the +12 dagger "Arphey" {freeze, *Rage rC- Dex+7 SInv}
   (You found it on level 5 of the Dungeon)

   It freezes those it strikes, dealing additional cold damage.
   It can also slow down cold-blooded creatures.
   Dex:       It affects your dexterity (+7).
   rC:        It makes you vulnerable to cold.
   SInv:      It lets you see invisible.
   *Rage:     It may make you go berserk in combat.
 B - a +2 vampiric dagger
 C - a +3 dagger of draining
 D - a +2 vorpal war axe
Missiles
 E - 7 boomerangs
 G - 34 poisoned darts
Armour
 b - a +0 leather armour (worn)
 i - a +0 helmet (worn)
 r - a +0 pair of gloves (worn)
Jewellery
 h - a ring of fire (right hand)
 t - a ring of positive energy (left hand)
Wands
 m - a wand of digging (7)
 p - a wand of flame (24)
Scrolls
 c - a scroll of holy word {unknown}
 d - 2 scrolls of amnesia
 e - 4 scrolls of vulnerability {unknown}
 g - 2 scrolls of enchant weapon {unknown}
 j - 2 scrolls of teleportation
 k - a scroll of fog {unknown}
 q - a scroll of blinking
 s - a scroll of noise {unknown}
 u - 2 scrolls of magic mapping {unknown}
 v - 2 scrolls of torment
 x - a scroll of summoning {unknown}
 y - a scroll of immolation {unknown}
 F - a scroll of enchant armour
Potions
 f - 2 potions of attraction
 l - 2 potions of might
 w - a potion of lignification
 H - 2 potions of flight {unknown}
 I - a potion of mutation {unknown}
 J - a potion of magic {unknown}
 K - 2 potions of curing {unknown}


   Skills:
 + Level 7.8 Fighting
 - Level 6.0 Maces & Flails
 - Level 1.5 Armour
 - Level 0.7 Dodging
 - Level 3.0 Spellcasting
 - Level 9.0 Hexes
 - Level 9.0 Invocations


You had 11 spell levels left.
You knew the following spells:

 Your Spells              Type           Power      Damage    Failure   Level
a - Slow                  Hex            27%        N/A       1%          2
k - Blink                 Tloc           N/A        N/A       36%         2

Your spell library contained the following spells:

 Spells                   Type           Power      Damage    Failure   Level
 Confusing Touch          Hex            27%        N/A       1%          3
 Lesser Beckoning         Tloc           1%         N/A       58%         3
 Yara's Violent Unravell  Hex/Tmut       7%         3d5       73%         5
 Manifold Assault         Tloc           2%         N/A       100%        5


Dungeon Overview and Level Annotations

Branches:
Dungeon (9/15)             Temple (0/1) D:6            Lair (0/6) D:9
    Orc: D:9-12

Altars:
Ashenzari
Dithmenos
Gozag
Makhleb
Ru
Xom
Zin

Annotations:
D:5 fly
D:7 3 runed translucent doors, Aldia's ghost, novice DrCj; AverageBear's ghost, novice DDFi; Sharkman1231's ghost, novice DsAK; styxcanada's ghost, novice SpBr; yahweh's ghost, novice MiBe


Innate Abilities, Weirdness & Mutations

You are completely covered in rugged brown scales. (AC +3, +7% HP)
You have supernaturally acute eyesight. (SInv)
Armour fits poorly on your strangely shaped body.
You can roll at nearby foes to attack.
You have a long armoured tail.
You curl defensively after being hit.


Message History

You feel strangely unstable.
Your surroundings suddenly seem different. 4 wights and a zombie come into view.
A wight is wielding a +5 mace of freezing.
Found a hand axe and 25 stones.
Found a stone staircase leading down.
The wight completely misses you.
The wight hits you with a +5 mace of freezing!
* * * LOW HITPOINT WARNING * * *
The wight freezes you.
* * * LOW HITPOINT WARNING * * *
The wight hits you with a +3 long sword.
* * * LOW HITPOINT WARNING * * *
Blink to where?
Press: ? - help, Dir - move target
As you read the scroll of blinking, it crumbles to dust.
Okay, then.
Found a scale mail.
Okay, then.
Found a sacrificial altar of Ru.
Found a shadowy altar of Dithmenos.
Found 21 gold pieces.
Found a dagger.
A killer bee comes into view.
Found 17 gold pieces.
The killer bee buzzes angrily.
You hear an angry buzzing noise.
A killer bee comes into view. x2
Found 2 potions of attraction.
Unknown command.
As you read the scroll of teleportation, it crumbles to dust.
You feel strangely unstable.
The killer bee buzzes angrily.
The killer bee closely misses you. The killer bee barely misses you.
The killer bee stings you!
* * * LOW HITPOINT WARNING * * *
You are lethally poisoned!
The killer bee poisons you! Space bends sharply around you!
The killer bee blinks!
You blink.
Your surroundings suddenly seem different.
You die...

###....##...###.#.#
...............#.##
.########..#.......#
#..#.#.##.##
....#...<..#
###.##.#.#..#
.....#.#.##
##.##.#...# #.
#.###.# ### #.# #@#
###


There were no monsters in sight!

Vanquished Creatures
  Pikel (D:5)
  3 kobold demonologists (D:9)
  2 hornets
  Sigmund (D:5)
  A yak (D:6)
  2 vampire mosquitoes
  Menkaure (D:7)
  An orc warrior (D:6)
  A necrophage (D:4)
  2 sky beasts
  5 ogres
  2 centaurs (D:6)
  A phantom (D:3)
  A bullfrog (D:5)
  A water moccasin zombie (D:6)
  A wyvern zombie (D:9)
  3 scorpions
  A water moccasin skeleton (D:4)
  7 wights
  6 killer bees
  4 howler monkeys
  2 bullfrog zombies
  4 orc priests
  2 hounds (D:6)
  6 jellies
  Terence (D:3)
  5 iguanas
  3 orc wizards
  A killer bee zombie (D:8)
  A howler monkey zombie (D:8)
  Robin (D:2)
  2 howler monkey skeletons (D:7)
  2 gnolls (D:1)
  4 adders
  2 white imps
  A worm (D:2)
  3 dart slugs
  13 orcs
  5 bats
  8 endoplasms
  2 giant cockroaches (D:2)
  18 goblins
  7 hobgoblins
  4 jackals (D:2)
  7 kobolds
  5 quokkas
  2 ball pythons
  2 frilled lizards
  6 rats
166 creatures vanquished.

Vanquished Creatures (others)
  A plant (D:9)
1 creature vanquished.

Grand Total: 167 creatures vanquished

Notes
Turn   | Place    | Note
-------+----------+-------------------------------------------
     0 | Abyss:1  | grimtooth the Palentonga Abyssal Knight began the quest for
                  | the Orb.
     0 | Abyss:1  | Reached XP level 1. HP: 19/19 MP: 2/2
    92 | Abyss:1  | Noticed a blink frog
    93 | D:1      | Escaped the Abyss
   129 | D:1      | Reached XP level 2. HP: 15/25 MP: 3/3
   411 | D:1      | Reached * piety under Lugonu
   783 | D:1      | Reached XP level 3. HP: 19/31 MP: 4/4
  1251 | D:2      | Noticed Robin
  1283 | D:2      | Killed Robin
  1387 | D:2      | Found a faded altar of an unknown god.
  1421 | D:2      | Reached XP level 4. HP: 36/39 MP: 5/5
  1757 | D:2      | Reached ** piety under Lugonu
  2578 | D:3      | Noticed Terence
  2855 | D:3      | Killed Terence
  2856 | D:3      | Reached XP level 5. HP: 29/46 MP: 4/6
  2941 | D:3      | Noticed a phantom
  3257 | D:3      | Learned a level 2 spell: Blink
  3260 | D:3      | Learned a level 2 spell: Slow
  3524 | D:3      | Killed a phantom
  3525 | D:3      | Reached skill level 5 in Fighting
  3657 | D:4      | Reached XP level 6. HP: 43/54 MP: 7/7
  3744 | D:4      | Reached skill level 5 in Maces & Flails
  3888 | D:4      | Noticed a sky beast
  3898 | D:4      | Killed a sky beast
  3899 | D:4      | Gained mutation: You curl defensively after being hit.
                  | [Palentonga growth]
  3899 | D:4      | Reached XP level 7. HP: 25/62 MP: 6/8
  4350 | D:5      | Entered Level 5 of the Dungeon
  4417 | D:5      | Noticed Sigmund
  4443 | D:5      | Killed Sigmund
  4444 | D:5      | Reached skill level 1 in Hexes
  4720 | D:5      | Reached *** piety under Lugonu
  4766 | D:5      | Reached XP level 8. HP: 68/68 MP: 11/11
  4961 | D:5      | Reached skill level 5 in Invocations
  5003 | D:5      | Found a glowing silver altar of Zin.
  5006 | D:5      | Noticed an angel
  5006 | D:5      | Noticed Pikel
  5028 | D:5      | Killed Pikel
  5029 | D:5      | Reached skill level 5 in Hexes
  5269 | D:5      | Found a shimmering altar of Xom.
  5553 | D:5      | Identified the +12 dagger "Arphey" {freeze, *Rage rC- Dex+7
                  | SInv}
  5696 | D:6      | Found a burning altar of Makhleb.
  5833 | D:6      | Reached XP level 9. HP: 43/73 MP: 14/14
  6097 | D:6      | Found a staircase to the Ecumenical Temple.
  7059 | D:6      | Found a broken altar of Ashenzari.
  7425 | D:6      | Reached skill level 1 in Spellcasting
  7698 | D:7      | - hornets
  8253 | D:7      | Paralysed by a hornet for 2 turns
  8526 | D:7      | Noticed Menkaure
  8964 | D:7      | Killed Menkaure
  9074 | D:7      | Found an opulent altar of Gozag.
  9186 | D:7      | Found a runed translucent gate.
  9187 | D:7      | Found a runed translucent gate.
  9188 | D:7      | Found a runed translucent gate.
  9189 | D:7      | Noticed Aldia's ghost (novice DrCj)
  9189 | D:7      | Noticed yahweh's ghost (novice MiBe)
  9189 | D:7      | Noticed styxcanada's ghost (novice SpBr)
  9189 | D:7      | Noticed AverageBear's ghost (novice DDFi)
  9189 | D:7      | Noticed Sharkman1231's ghost (novice DsAK)
  9887 | D:8      | Reached XP level 10. HP: 64/79 MP: 16/16
  9963 | D:8      | Paralysed by a hornet for 3 turns
 11616 | D:9      | Noticed a soul eater
 11620 | D:9      | Noticed a smoke demon
 11763 | D:9      | Found a staircase to the Lair.
 11809 | D:9      | Found a sacrificial altar of Ru.
 11810 | D:9      | Found a shadowy altar of Dithmenos.
 11828 | D:9      | HP: 4/85 [killer bee (7)]
 11829 | D:9      | Succumbed to a killer bee's poison

Illustrated notes

#........###...# ####...##
....#..........###.......#
... ##....###....(...#...#
. ......#.#..<...### .#.#
###...........### ...
............## ...#
.......#......### ##....
#.........y§..##......
#.........#..##.......
.#.......#..........#
#....@.............#
#..........###....##
..y..#......## ####
..#####....## . #....#
#....# #..#.## #..#.. #.
..


Turn 7698 on D:7: - hornets

Levels and vault maps discovered:
D:1:      psy_arrival_whirlpool, layout_basic, chequers_mini_garden
D:2:      layout_basic, hellmonk_ecumenical_altar_heavens_door,
          lemuel_old_faithful, uniq_robin
D:3:      layout_rooms, hangedman_decor_clover_reticule, palyth_stone_intersect,
          uniq_terence
D:4:      layout_cave_pools, st_stairs_2
D:5:      layout_basic, grunt_temple_overflow_order_and_chaos_1,
          water_maze_lemuel, uniq_sigmund, uniq_pikel
D:6:      minmay_opposing_rooms, layout_rooms,
          mainiacjoe_overflow_six_doors_small, evilmike_ruin_ashenzari,
          minmay_temple_entry_nine_rooms, serial_glass, glass_columns_c,
          glass_columns_b, glass_columns_a, glass_columns_b, glass_columns_a,
          feat_on_display, minmay_strange_pillars, serial_bayou_pond_e
D:7:      layout_cave_pools, nicolae_gozag_cash_rules_everything_around_me,
          gammafunk_ghost_cemetery, uniq_menkaure
D:8:      layout_loops_ring
D:9:      wad_guarded_room, layout_basic, gammafunk_temple_overflow_forgotten,
          david_lair_generic

Skill      XL: |  1  2  3  4  5  6  7  8  9 10 |
---------------+-------------------------------+-----
Maces & Flails | 3 4 5 6 |  6.0
Fighting       | 4 5 6 7 |  7.8
Hexes          | 3 6 8 9 |  9.0
Invocations    | 4 7 9 |  9.0
Spellcasting   | 3 |  3.0
Armour         | |  1.5
Dodging        | |  0.7

Action                   |  1- 3 |  4- 6 |  7- 9 | 10-12 || total
-------------------------+-------+-------+-------+-------++-------
Melee: Mace              |   102 |   126 |   292 |    87 ||   607
       Tailslap          |    15 |    11 |    37 |     9 ||    72
 Cast: Slow              |       |       |    17 |     5 ||    22
Invok: Depart the Abyss  |     1 |       |       |       ||     1
       Bend Space        |       |     5 |    21 |    11 ||    37
 Abil: Rolling Charge    |    14 |    24 |    48 |    12 ||    98
  Use: Scroll            |       |     4 |     5 |     3 ||    12
       Potion            |       |       |     1 |     1 ||     2
Armor: Leather armour    |    69 |    33 |   127 |    34 ||   263
Dodge: Dodged            |    70 |    53 |   133 |    49 ||   305
